 Dungeon Crawl Stone Soup version 0.24-a0-640-ge7cd8ce796 (webtiles) character file.

Game seed: 1976306266190218838, levelgen mode: classic

1912699 EnegeticOcto the Conqueror (level 26, 242/242 HPs)
             Began as a Formicid Monk on Sept 25, 2019.
             Was the Champion of Okawaru.
             Escaped with the Orb
             ... and 3 runes!
             The game lasted 01:31:34 (49672 turns).

EnegeticOcto the Conqueror (Formicid Monk)         Turns: 49672, Time: 01:31:35

Health: 242/242    AC: 46    Str: 30    XL:     26   Next: 55%
Magic:  32/32      EV: 12    Int: 16    God:    Okawaru [******]
Gold:   1164       SH: 32    Dex: 17    Spells: 25/25 levels left

rFire    + + .     SeeInvis +   a - +9 great mace (protect)
rCold    + + +     Gourm    +   t - +10 large shield of Ignorance {rN+ Int-4}
rNeg     + . .     Faith    .   X - +11 crystal plate armour of Urob {rF+ MR+ Regen+ Str+6}
rPois    +         Spirit   .   (helmet unavailable)
rElec    .         Reflect  .   V - +2 cloak
rCorr    .         Harm     .   E - +1 pair of gloves "Demodeb" {rC++ Int+10}
MR       ++++.                  Z - +1 pair of boots of True Grit {+Inv Stlth+}
Stlth    ..........             A - amulet "Wyuliah" {Gourm +Blink rC+ MR+}
HPRegen  0.90/turn              U - ring "Qiopn" {+Fly rF+ Int-2 Dex+4 Stlth+}
MPRegen  0.23/turn              M - ring of poison resistance

@: lightly drained
A: permanent stasis, dig shafts and tunnels, four strong arms, antennae 3,
talons 1, weak 1, no potion heal 1
0: Orb of Zot
}: 3/15 runes: decaying, serpentine, slimy
a: Dig, Shaft Self, Heroism, Finesse, Renounce Religion, Evoke Invisibility,
Evoke Flight


You escaped.
You worshipped Okawaru.
Okawaru was exalted by your worship.
You were full.

You visited 10 branches of the dungeon, and saw 49 of its levels.
You visited 1 bazaar.
You also visited: Desolation.

You collected 4167 gold pieces.
You spent 3003 gold pieces at shops.

Inventory:

Hand Weapons
 a - a +9 great mace of protection (weapon)
 b - the +7 lajatang of Order {silver, rMut}
   (You found it on level 1 of the Snake Pit)

   It protects you from mutation.
 L - a +2 dagger of distortion
Missiles
 v - 3 throwing nets (quivered) {!f}
Armour
 o - the +0 pair of boots of Dishonour {rC+++ Regen+ Str-4 Int+5}
   (Okawaru gifted it to you on level 5 of the Pits of Slime)

   It affects your strength (-4).
   It affects your intelligence (+5).
   It renders you almost immune to cold.
   It increases your rate of regeneration.
 t - the +10 large shield of Ignorance (worn) {rN+ Int-4}
   (You found it on level 11 of the Dungeon)

   It affects your intelligence (-4).
   It protects you from negative energy.
 E - the +1 pair of gloves "Demodeb" (worn) {rC++ Int+10}
   (You bought it in a shop on level 1 of the Orcish Mines)

   It affects your intelligence (+10).
   It greatly protects you from cold.
 V - a +2 cloak (worn)
 X - the +11 crystal plate armour of Urob (worn) {rF+ MR+ Regen+ Str+6}
   (Okawaru gifted it to you on level 6 of the Lair of Beasts)

   It affects your strength (+6).
   It protects you from fire.
   It affects your resistance to hostile enchantments.
   It increases your rate of regeneration.
 Z - the +1 pair of boots of True Grit (worn) {+Inv Stlth+}
   (You found it on level 1 of the Snake Pit)

   It lets you turn invisible.
   It makes you more stealthy.
Jewellery
 m - an uncursed amulet of faith {unknown}
 A - the amulet "Wyuliah" (around neck) {Gourm +Blink rC+ MR+}
   (You found it in the Desolation of Salt)

   [amulet of the gourmand]

   It allows you to eat raw meat even when not hungry.
   It protects you from cold.
   It affects your resistance to hostile enchantments.
   It lets you blink.
 M - a ring of poison resistance (right hand)
 P - the amulet of Utufux {Acrobat rPois Str+2}
   (You took it off an imperial myrmidon in the Desolation of Salt)

   [amulet of the acrobat]

   It helps you evade while moving and waiting.
   It affects your strength (+2).
   It protects you from poison.
 U - the ring "Qiopn" (left hand) {+Fly rF+ Int-2 Dex+4 Stlth+}
   (You found it on level 4 of the Swamp)

   [ring of flight]

   It affects your intelligence (-2).
   It affects your dexterity (+4).
   It protects you from fire.
   It lets you fly.
   It makes you more stealthy.
 Y - the ring of Heetsoul {rCorr Str+5}
   (You found it in the Desolation of Salt)

   [ring of resist corrosion]

   It affects your strength (+5).
   It provides partial protection from all sources of acid and corrosion.
Wands
 i - a wand of scattershot (12)
 u - a wand of acid (24)
 z - a wand of iceblast (7)
 J - a wand of polymorph (25)
 K - a wand of disintegration (20)
 O - a wand of paralysis (19)
 T - a wand of digging (2)
Scrolls
 g - 4 scrolls of immolation
 h - a scroll of silence
 j - 14 scrolls of remove curse {@r2}
 k - 2 scrolls of vulnerability
 p - 10 scrolls of enchant armour
 y - 10 scrolls of amnesia
 C - 2 scrolls of noise
 D - a scroll of identify {@r1}
 I - 3 scrolls of fear {!r}
 N - 8 scrolls of fog {!r}
 S - 2 scrolls of holy word
Potions
 c - 3 potions of resistance
 f - 6 potions of curing {@q1 !q}
 l - a potion of cancellation
 n - 6 potions of agility {@q5 !q}
 q - 5 potions of brilliance
 s - 3 potions of might {@q3 !q}
 w - 9 potions of heal wounds {@q2 !q}
 x - 4 potions of flight
 F - 7 potions of lignification {@q6}
 G - 2 potions of magic
 Q - a potion of ambrosia
 R - 2 potions of mutation
Miscellaneous
 d - a phial of floods
 r - a lightning rod (4/4)
 B - a box of beasts
 W - a fan of gales
Comestibles
 e - 64 rations


   Skills:
 O Level 27(26.2) Fighting
 - Level 20.0(19.3) Maces & Flails
 + Level 19.9(19.3) Armour
 - Level 10.0(9.4) Dodging
 - Level 3.0(2.6) Stealth
 - Level 15.0(14.4) Shields
 - Level 12.0(11.4) Invocations
 - Level 10.0(9.5) Evocations


You had 25 spell levels left.
You didn't know any spells.
Your spell library contained the following spells:

 Spells                   Type           Power        Failure   Level  Hunger
 Animate Skeleton         Necr           N/A          97%         1    ##.....
 Apportation              Tloc           #.....       97%         1    ##.....
 Confusing Touch          Hex            #.....       97%         1    ##.....
 Corona                   Hex            #......      97%         1    ##.....
 Flame Tongue             Conj/Fire      #....        97%         1    ##.....
 Freeze                   Ice            #...         97%         1    ##.....
 Magic Dart               Conj           #...         97%         1    ##.....
 Sandblast                Erth           #.....       97%         1    ##.....
 Shock                    Conj/Air       #...         97%         1    ##.....
 Summon Small Mammal      Summ           #...         97%         1    ##.....
 Call Imp                 Summ           #.......     99%         2    ###....
 Corpse Rot               Necr           N/A          99%         2    ###....
 Passwall                 Tmut/Erth      #.......     99%         2    ###....
 Shroud of Golubria       Chrm/Tloc      #.....       99%         2    ###....
 Slow                     Hex            #.......     99%         2    ###....
 Sublimation of Blood     Necr           #.........   99%         2    ###....
 Swiftness                Chrm/Air       #.......     99%         2    ###....
 Throw Flame              Conj/Fire      #.....       99%         2    ###....
 Throw Frost              Conj/Ice       #.....       99%         2    ###....
 Conjure Flame            Conj/Fire      #.......     100%        3    ####...
 Gell's Gravitas          Tloc           #.........   100%        3    ####...
 Ignite Poison            Fire/Tmut/Pois #.......     100%        3    ####...
 Inner Flame              Hex/Fire       #.......     100%        3    ####...
 Lesser Beckoning         Tloc           #.........   100%        3    ####...
 Mephitic Cloud           Conj/Pois/Air  #.......     100%        3    ####...
 Ozocubu's Armour         Chrm/Ice       #.......     100%        3    ####...
 Portal Projectile        Hex/Tloc       #.....       100%        3    ####...
 Regeneration             Chrm/Necr      #.........   100%        3    ####...
 Static Discharge         Conj/Air       #.......     100%        3    ####...
 Stone Arrow              Conj/Erth      #.....       100%        3    ####...
 Teleport Other           Tloc           #.......     100%        3    ####...
 Airstrike                Air            #.........   100%        4    #####..
 Animate Dead             Necr           N/A          100%        4    #####..
 Cause Fear               Hex            #.........   100%        4    #####..
 Fulminant Prism          Conj/Hex       #.........   100%        4    #####..
 Ice Form                 Ice/Tmut       #.......     100%        4    #####..
 Iskenderun's Mystic Bla  Conj           #.......     100%        4    #####..
 Leda's Liquefaction      Hex/Erth       #.........   100%        4    #####..
 Olgreb's Toxic Radiance  Pois           #.......     100%        4    #####..
 Petrify                  Tmut/Erth      #.......     100%        4    #####..
 Sticky Flame             Conj/Fire      #.......     100%        4    #####..
 Summon Ice Beast         Ice/Summ       #.......     100%        4    #####..
 Summon Lightning Spire   Summ/Air       #.......     100%        4    #####..
 Throw Icicle             Conj/Ice       #.......     100%        4    #####..
 Agony                    Necr           #.......     100%        5    ######.
 Alistair's Intoxication  Tmut/Pois      #.......     100%        5    ######.
 Fireball                 Conj/Fire      #.........   100%        5    ######.
 Irradiate                Conj/Tmut      #.........   100%        5    ######.
 Lee's Rapid Deconstruct  Erth           #.........   100%        5    ######.
 Lightning Bolt           Conj/Air       #.........   100%        5    ######.
 Metabolic Englaciation   Hex/Ice        #.........   100%        5    ######.
 Bolt of Cold             Conj/Ice       #.........   100%        6    #######
 Darkness                 Hex            #.........   100%        6    #######
 Freezing Cloud           Conj/Ice/Air   #.........   100%        6    #######
 Invisibility             Hex            #.......     100%        6    #######
 Ozocubu's Refrigeration  Ice            #.........   100%        6    #######
 Simulacrum               Ice/Necr       #.........   100%        6    #######
 Ignition                 Fire           #.........   100%        8    #######
 Dragon's Call            Summ           #.........   100%        9    #######
 Shatter                  Erth           #.........   100%        9    #######
 Tornado                  Air            #.........   100%        9    #######
 Blink                    Tloc           Unusable     N/A         2    N/A
 Passage of Golubria      Tloc           Unusable     N/A         4    N/A

Dungeon Overview and Level Annotations

Branches:
Dungeon (15/15)            Temple (1/1) D:7            Lair (6/6) D:8
  Swamp (4/4) Lair:4        Snake (4/4) Lair:3        Slime (5/5) Lair:5
    Orc (2/2) D:9             Elf (2/3) Orc:2        Vaults (0/5) D:13
 Depths (5/5) D:15            Zot (5/5) Depths:5    Desolation (visited)

Altars:
Ashenzari
Cheibriados
Dithmenos
Elyvilon
Fedhas
Gozag
Hepliaklqana
Kikubaaqudgha
Makhleb
Nemelex Xobeh
Okawaru
Qazlal
Ru
Sif Muna
Trog
Uskayaw
Vehumet
Wu Jian
Xom
Yredelemnul
Zin
The Shining One
Beogh
Jiyva

Shops:
Orc:1 [   Orc:2 *[==   Elf:2 !:(   Snake:2 }*[

Portals:
Hell: Depths:3 Depths:5
Abyss: Depths:5

Annotations:
D:4 1 runed translucent door, losten's ghost, novice DsBe
D:13 1 runed translucent door
Lair:4 exclusion: oklob plant
Elf:2 3 runed translucent doors
Zot:5 3 runed translucent doors, Somebody's ghost, veteran GnWn


Innate Abilities, Weirdness & Mutations

You cannot be hasted, slowed, berserked, paralysed or teleported.
You can dig through walls and to a lower floor.
Your four strong arms can wield two-handed weapons with a shield.
You have a pair of large antennae on your head. (SInv)
You have sharp toenails.
You are weak. (Str -2)
Potions are less effective at restoring your health.


Message History

The Executioner gestures.
The Executioner seems to speed up.
There is an escape hatch in the ceiling here.
Really go through this one-way escape hatch?
A mysterious force pulls you upwards. The hatch slams shut behind you.
Level annotation: 1 runed translucent door, losten's ghost, novice DsBe You feel like a meek peon again.
(D) Dungeon (T) Temple (L) Lair (S) Swamp (P) Snake Pit (M) Slime Pits (O) Orcish Mines (E) Elven Halls (V) Vaults (U) Depths (H) Hell (Z) Zot
Where to? (Enter - D:1 @ (x,y), ? - help)
An orc wizard comes into view. It is wielding a +0 dagger.
An orc comes into view. It is wielding a +0 club.
The orc shouts!
You hear a shout!
An orc wizard comes into view. It is wielding a +0 dagger.
A blizzard demon comes into view.
You block the orc wizard's attack.
You bludgeon the orc!!
Your weapon exudes an aura of protection.
You kill the orc!
You block the orc wizard's attack.
The orc wizard gestures at you while chanting.
The magic dart hits you but does no damage.
You block the orc wizard's attack.
Things that are here:
a +0 club; a +0 chain mail Your hands slow down.
The orc wizard gestures wildly while chanting.
The orc wizard flickers and vanishes for a moment.
The blizzard demon gestures at you.
The bolt of lightning hits the orc wizard!!!
The orc wizard dies!
The bolt of lightning hits you!! The orc wizard casts a spell at you.
The magic dart hits you but does no damage.
The blizzard demon waves its arms in wide circles.
The air twists around and strikes you! The orc wizard casts a spell at you.
You block the puff of flame.
The blizzard demon waves its arms in wide circles.
The air twists around and strikes you!
The orc wizard gestures at you while chanting.
The magic dart hits you but does no damage.
The orc wizard casts a spell at you. You resist with almost no effort.
There is a stone staircase leading up here.
You climb upwards.
There is a stone staircase leading down here.
There is a stone staircase leading up here.
You climb upwards.
There is a stone staircase leading down here.
HP restored.
There is a stone staircase leading up here.
You climb upwards.
There is a stone staircase leading down, spattered with blood here.
You see here a +0 robe.
You see here a +0 short sword.
You sense a monster nearby.
You can't go up here!
You hear a grinding noise.
A cacodemon comes into view.
You gain the combat prowess of a mighty hero.
You can now deal lightning-fast blows.
You barely miss the cacodemon. You block the cacodemon's attack. x2
You closely miss the cacodemon. You sock the cacodemon!
Your weapon exudes an aura of protection.
The cacodemon is lightly wounded.
You thump the cacodemon!
The cacodemon is moderately wounded.
You block the cacodemon's attack. x2
You bludgeon the cacodemon!!
The cacodemon is heavily wounded.
You hear a screech!
You hit the cacodemon.
The cacodemon is heavily wounded.
You hit the cacodemon.
The cacodemon is heavily wounded.
The cacodemon hits you! You block the cacodemon's attack.
You thump the cacodemon!
The cacodemon is severely wounded.
You beat the cacodemon like a drum!!!
You kill the cacodemon!
Okawaru accepts your kill.
(D) Dungeon (T) Temple (L) Lair (S) Swamp (P) Snake Pit (M) Slime Pits (O) Orcish Mines (E) Elven Halls (V) Vaults (U) Depths (H) Hell (Z) Zot
Where to? (Enter - D:1 @ (x,y), ? - help) HP restored.
You sense a monster nearby.
A toenail golem comes into view.
There is an open door here.
The orc shouts!
The dwarf shouts!
Your hands slow down.
The octopode shouts!
The ogre shouts!
You feel like a meek peon again.
There is a staircase leading out of the dungeon here.
You have escaped!

.......# ########
#### #######
^#Z#######Z#Z#Z#
####^#Z#O########
...#######......##
##.........8....@#
Z#####..........##
##M#g############
#####Z#x#Z#Z#Z#
### ###########
#.# #.# #.# #.#


You could see a toenail golem, a felid skeleton and a centaur skeleton.

Vanquished Creatures
  the Royal Jelly (Slime:5)
  2 orbs of fire (Zot:5)
  3 ancient liches (Zot:5)
  A juggernaut (Depths:5)
  Sojobo (Depths:5)
  Boris (Depths:2)
  9 Killer Klowns
  Bai Suzhen (Swamp:4)
  the Lernaean hydra (Swamp:4)
  Margery (Depths:5)
  Saint Roka (Depths:5)
  2 curse toes
  4 golden dragons
  2 electric golems (Zot:5)
  4 tentacled monstrosities
  Jorgrun (Swamp:3)
  Asterion (Snake:3)
  2 quicksilver dragons
  A lich (Depths:2)
  The ghost of Oluxog the Black Belt, an adept DsBe of Trog (Snake:1)
  16 acid blobs
  24 Orb Guardians
  The ghost of Peloso the Peltast, an adept MiFi of Gozag (Swamp:4)
  2 thorn hunters
  4 shadow dragons
  4 storm dragons
  4 tengu reavers
  Gastronok (Lair:2)
  Kirke (D:14)
  6 death cobs
  6 azure jellies
  2 fire giants (Depths:2)
  2 draconian monks
  5 nagarajas (Snake:4)
  Donald (Swamp:1)
  Louise (Elf:1)
  5 draconian knights
  An orc warlord (D:9)
  A deep elf sorcerer (Elf:1)
  3 draconian scorchers
  A cacodemon (D:1)
  4 frost giants
  2 imperial myrmidons (Desolation)
  A ghost moth (Zot:4)
  4 draconian stormcallers
  2 draconian shifters
  2 draconian annihilators (Zot:1)
  2 very ugly things
  3 spriggan defenders (Depths:5)
  3 vampire knights (Depths:5)
  3 green draconians
  6 stone giants
  A deep elf demonologist (Depths:5)
  3 deep elf annihilators (Elf:1)
  A lorocyproca (Zot:2)
  5 white draconians
  2 halazid warlocks (Desolation)
  6 purple draconians
  9 black draconians
  Azrael (Orc:2)
  4 red draconians
  3 yellow draconians
  Snorg (Lair:4)
  9 spark wasps
  2 fire dragons
  2 death oozes (Slime:5)
  3 deep elf death magi (Elf:1)
  12 ogre magi
  2 crystal guardians (Desolation)
  Fannar (D:10)
  2 yaktaur captains
  10 ragged hierophants
  Harold (Lair:1)
  Erolcha (D:13)
  A hell beast (Zot:4)
  5 vault guards (D:13)
  24 hydras
  7 great orbs of eyes
  A monstrous demonspawn (Zot:4)
  3 ice dragons (Depths:5)
  8 servants of whispers
  11 naga warriors
  7 peacekeepers (Desolation)
  A shambling mangrove (Swamp:2)
  4 spriggan air magi
  5 centaur warriors
  2 ghost crabs
  Erica (Lair:2)
  15 anacondas
  33 two-headed ogres
  A deep troll earth mage (Depths:2)
  A death knight (D:15)
  2 deep troll shamans
  2 tengu warriors
  12 alligators
  9 small abominations
  Urug (Lair:6)
  12 dancing weapons
  2 spriggan berserkers
  6 naga sharpshooters
  An orc high priest (Elf:2)
  6 hell knights (Depths:5)
  Sonja (D:10)
  10 shock serpents
  2 iron trolls (Depths:2)
  8 deep elf knights
  10 skeletal warriors
  6 salamander mystics
  A titan skeleton (D:15)
  A sixfirhy (Zot:5)
  6 deep trolls
  4 unseen horrors
  A flayed ghost (D:15)
  3 spriggan druids
  A naga ritualist (Snake:4)
  5 deep elf archers
  3 ironbrand convokers (Desolation)
  15 swamp dragons
  4 phantasmal warriors
  6 lindwurms
  4 necromancers
  5 large abominations
  2 orc knights (Orc:1)
  11 ugly things
  7 mana vipers
  9 salamanders
  A wolf spider (Lair:6)
  A manticore (shapeshifter) (Elf:1)
  4 orc sorcerers
  7 shining eyes
  A stone giant zombie (D:15)
  35 deep elf magi
  3 cyclopes
  5 centaur zombies
  11 moths of wrath
  5 elephants (Lair:6)
  9 guardian serpents
  18 naga magi
  38 black mambas
  Joseph (D:10)
  5 gargoyles
  A molten gargoyle (Desolation)
  3 rime drakes
  5 torpor snails (Lair:6)
  A spiny frog (shapeshifter) (Elf:1)
  A hellion (Zot:5)
  18 spiny frogs
  A demonic crawler (Depths:5)
  3 kobold demonologists
  19 komodo dragons
  A yaktaur (shapeshifter) (Depths:2)
  A freezing wraith (D:14)
  6 yaktaurs
  A troll (shapeshifter) (D:14)
  2 tengu conjurers
  14 trolls
  22 blink frogs
  A polar bear (Lair:4)
  29 hornets
  11 tyrant leeches
  78 slime creatures
  56 saltlings
  15 hippogriffs
  Prince Ribbit (Lair:2)
  13 dream sheep
  A wind drake (shapeshifter) (Depths:3)
  An ettin zombie (D:15)
  7 bog bodies
  An air elemental (Elf:1)
  19 spriggans
  A meliai zombie (D:15)
  2 shadows
  14 wyverns
  2 redbacks (Lair:6)
  A water elemental (Elf:1)
  Eustachio (D:5)
  A golden eye (Slime:5)
  29 yaks
  A basilisk (shapeshifter) (D:14)
  3 basilisks
  5 vampire mosquitoes
  6 fire elementals
  A hog (D:15)
  2 steam dragons
  A chaos spawn (Depths:5)
  2 acid dragons
  19 swamp worms
  5 wargs
  17 insubstantial wisps
  32 nagas
  A human zombie (D:15)
  3 hell hounds
  23 water moccasins
  6 porcupines
  A floating eye (Slime:5)
  34 orc warriors
  14 swamp drakes
  3 black bears
  7 eyes of draining
  5 phantoms
  43 ogres
  5 sky beasts
  3 ice beasts
  15 centaurs
  8 wolves
  12 crocodiles
  9 big kobolds
  4 elf zombies (Elf:1)
  15 bullfrogs
  A gnoll sergeant (D:9)
  A scorpion (D:5)
  3 killer bees (D:10)
  23 wights
  3 howler monkeys
  2 electric eels (Lair:4)
  5 crimson imps
  2 bullfrog zombies
  6 centaur skeletons
  6 hounds
  11 jellies
  26 orc wizards
  11 orc priests
  2 bullfrog skeletons
  An iguana (D:7)
  8 worker ants
  A hound zombie (D:6)
  2 hound skeletons
  A worker ant zombie (D:6)
  6 gnolls
  10 adders
  4 shadow imps
  4 oozes
  An adder skeleton (D:4)
  6 worms
  A dart slug (D:2)
  3 leopard geckos
  98 orcs
  2 ball pythons
  6 giant cockroaches
  10 hobgoblins
  14 jackals
  20 kobolds
  2 quokkas
  8 bats
  7 frilled lizards
  7 goblins
  A leopard gecko zombie (D:5)
  A quokka skeleton (D:5)
  9 rats
  2 plants (Lair:6)
1721 creatures vanquished.

Vanquished Creatures (others)
  A draconian stormcaller (Depths:5)
  A deep troll (Depths:3)
  A deep elf archer (Elf:1)
  A human (D:15)
  An orc wizard (D:4)
  2 kobolds (D:15)
  7 briar patches
  17 fungi
  35 plants
66 creatures vanquished.

Grand Total: 1787 creatures vanquished

Notes
Turn   | Place    | Note
-------+----------+-------------------------------------------
     0 | D:1      | EnegeticOcto the Formicid Monk began the quest for the Orb.
     0 | D:1      | Reached XP level 1. HP: 18/18 MP: 1/1
     0 | D:1      | Noticed a minotaur skeleton
     5 | D:1      | Noticed an octopode
     6 | D:1      | Noticed an ogre
    10 | D:1      | Noticed a dwarf
    12 | D:1      | Noticed a minotaur skeleton
    16 | D:1      | Noticed a dwarf
   322 | D:1      | Reached XP level 2. HP: 24/24 MP: 2/2
  1081 | D:2      | Reached XP level 3. HP: 29/29 MP: 3/3
  1484 | D:2      | Reached XP level 4. HP: 26/37 MP: 4/4
  1692 | D:2      | Reached skill level 4 in Fighting
  1843 | D:2      | Reached XP level 5. HP: 29/42 MP: 5/5
  2150 | D:2      | Found a glowing silver altar of Zin.
  2736 | D:3      | Reached skill level 5 in Maces & Flails
  3256 | D:3      | Reached XP level 6. HP: 46/49 MP: 6/6
  4124 | D:4      | Noticed an ogre
  4165 | D:4      | Killed an ogre
  4165 | D:4      | Reached skill level 5 in Fighting
  4327 | D:4      | Reached XP level 7. HP: 40/56 MP: 7/7
  4471 | D:4      | Found a runed translucent door.
  4471 | D:4      | Noticed losten's ghost (novice DsBe)
  5063 | D:4      | Found a glowing golden altar of the Shining One.
  5152 | D:5      | Entered Level 5 of the Dungeon
  5607 | D:5      | Noticed Eustachio
  5893 | D:5      | Killed Eustachio
  5893 | D:5      | Reached skill level 6 in Fighting
  5893 | D:5      | Reached XP level 8. HP: 64/64 MP: 8/8
  7265 | D:6      | Found an ornate altar of the Wu Jian Council.
  7862 | D:6      | Reached skill level 7 in Fighting
  8137 | D:6      | Reached XP level 9. HP: 58/72 MP: 9/9
  9276 | D:7      | Reached skill level 8 in Fighting
  9330 | D:7      | Reached skill level 10 in Maces & Flails
  9663 | D:7      | Found a staircase to the Ecumenical Temple.
  9673 | Temple   | Entered the Ecumenical Temple
  9791 | Temple   | Became a worshipper of Warmaster Okawaru
  9791 | Temple   | Reached * piety under Okawaru
  9791 | Temple   | Reached ** piety under Okawaru
 10240 | D:8      | Noticed a hippogriff
 10241 | D:8      | Found a staircase to the Lair.
 10259 | D:8      | Killed a hippogriff
 10259 | D:8      | Reached skill level 1 in Invocations
 10265 | D:8      | Reached XP level 10. HP: 40/82 MP: 9/11
 10737 | D:8      | Found a white marble altar of Elyvilon.
 10742 | D:8      | Found a blossoming altar of Fedhas.
 10840 | D:8      | Found a sacrificial altar of Ru.
 11136 | D:8      | Found a sparkling altar of Nemelex Xobeh.
 11138 | D:8      | Found a shimmering blue altar of Sif Muna.
 11141 | D:8      | Found a radiant altar of Vehumet.
 11142 | D:8      | Found a shimmering altar of Xom.
 11142 | D:8      | Found a shattered altar of Ashenzari.
 11143 | D:8      | Found a bloodstained altar of Trog.
 11144 | D:8      | Found an ancient bone altar of Kikubaaqudgha.
 11147 | D:8      | Found a hide-covered altar of Uskayaw.
 11200 | D:8      | Found a white marble altar of Elyvilon.
 11396 | D:9      | Reached skill level 9 in Fighting
 11401 | D:9      | Reached skill level 1 in Shields
 11413 | D:9      | Reached *** piety under Okawaru
 11413 | D:9      | Reached skill level 1 in Armour
 11718 | D:9      | Found a roughly hewn altar of Beogh.
 11718 | D:9      | Found a staircase to the Orcish Mines.
 13092 | D:9      | Reached **** piety under Okawaru
 13175 | D:9      | Found a blossoming altar of Fedhas.
 13289 | D:9      | Reached skill level 5 in Invocations
 13303 | D:9      | Reached XP level 11. HP: 83/90 MP: 14/14
 13375 | D:9      | Noticed a two-headed hydra
 13388 | D:9      | Killed a two-headed hydra
 13388 | D:9      | Reached ***** piety under Okawaru
 13388 | D:9      | Reached skill level 10 in Fighting
 13782 | D:10     | Entered Level 10 of the Dungeon
 14266 | D:10     | Reached skill level 5 in Armour
 14411 | D:10     | Noticed Joseph
 14427 | D:10     | Killed Joseph
 14525 | D:10     | Noticed Fannar
 14559 | D:10     | Killed Fannar
 14631 | D:10     | Noticed Psyche
 14632 | D:10     | Noticed Psyche
 14632 | D:10     | Psyche changed into Psyche the hornet
 14646 | D:10     | Killed Psyche the hornet
 14899 | D:10     | Noticed Sonja
 14915 | D:10     | Killed Sonja
 15760 | D:11     | Received a gift from Okawaru
 15927 | D:11     | Noticed a centaur warrior
 15936 | D:11     | Killed a centaur warrior
 15936 | D:11     | Received a gift from Okawaru
 15936 | D:11     | Reached skill level 11 in Fighting
 15936 | D:11     | Reached XP level 12. HP: 99/100 MP: 12/15
 15949 | D:11     | Reached ****** piety under Okawaru
 15956 | D:11     | Got a distressingly furry buckler {god gift}
 15967 | D:11     | Identified the +3 buckler of Responsibility {rN++ Dex-3}
                  | (Okawaru gifted it to you on level 11 of the Dungeon)
 16362 | D:11     | Reached skill level 1 in Evocations
 16978 | D:11     | Found the +10 large shield of Ignorance {rN+ Int-4}
 17598 | D:11     | Noticed a two-headed ogre
 17610 | D:11     | Killed a two-headed ogre
 17864 | Lair:1   | Entered Level 1 of the Lair of Beasts
 18278 | Lair:1   | Noticed Harold
 18332 | Lair:1   | Killed Harold
 18332 | Lair:1   | Received a gift from Okawaru
 18332 | Lair:1   | Reached skill level 12 in Fighting
 18332 | Lair:1   | Reached skill level 5 in Shields
 18923 | Lair:1   | Got a scorched hunting sling {god gift}
 18924 | Lair:1   | Identified the +4 hunting sling "Jiskill" {flame, rN+}
                  | (Okawaru gifted it to you on level 1 of the Lair of Beasts)
 18947 | Lair:2   | Noticed Erica
 18982 | Lair:2   | Killed Erica
 18982 | Lair:2   | Reached skill level 5 in Dodging
 18982 | Lair:2   | Reached XP level 13. HP: 108/108 MP: 9/16
 19268 | Lair:2   | Got a brightly glowing double sword
 19269 | Lair:2   | Identified the cursed +2 double sword of the Feather
                  | {drain, *Rage +Inv Int+2} (You found it on level 2 of the
                  | Lair of Beasts)
 19405 | Lair:2   | Noticed Gastronok
 19421 | Lair:2   | Killed Gastronok
 19832 | Lair:2   | Noticed Prince Ribbit
 19844 | Lair:2   | Received a gift from Okawaru
 19850 | Lair:2   | Killed Prince Ribbit
 19858 | Lair:2   | Reached skill level 13 in Fighting
 19862 | Lair:2   | Got an ebony flail {god gift}
 19863 | Lair:2   | Identified the +8 flail of Punishment {crush, +Blink rElec
                  | Dex-5} (Okawaru gifted it to you on level 2 of the Lair of
                  | Beasts)
 20855 | Lair:3   | Found a staircase to the Snake Pit.
 21123 | Lair:4   | Noticed a four-headed hydra
 21131 | Lair:4   | Killed a four-headed hydra
 21295 | Lair:4   | Found a staircase to the Swamp.
 21362 | Lair:4   | Noticed Snorg
 21379 | Lair:4   | Killed Snorg
 21451 | Lair:4   | Received a gift from Okawaru
 21451 | Lair:4   | Reached XP level 14. HP: 116/118 MP: 19/19
 21955 | Lair:4   | Identified a scroll of acquirement
 21962 | Lair:4   | Got a slimy shield
 21973 | Lair:4   | Identified the +5 shield of Impressiveness {rF- Regen+
                  | Str+4 Int+3} (You acquired it on level 4 of the Lair of
                  | Beasts)
 22306 | Lair:5   | Found a staircase to the Slime Pits.
 22495 | Lair:5   | Reached skill level 10 in Shields
 23277 | Lair:6   | Entered Level 6 of the Lair of Beasts
 23689 | Lair:6   | Noticed Urug
 23699 | Lair:6   | Killed Urug
 23753 | Lair:6   | Received a gift from Okawaru
 24034 | Lair:6   | Got a pitted demon whip
 24035 | Lair:6   | Identified the +6 demon whip of Yqutetie {vamp, -Tele rC-
                  | rN++ Int+4} (You acquired it on level 6 of the Lair of
                  | Beasts)
 24373 | Lair:6   | Reached XP level 15. HP: 123/123 MP: 21/21
 24552 | Lair:6   | Received a gift from Okawaru
 24577 | Lair:6   | Reached skill level 15 in Maces & Flails
 24647 | Lair:6   | Got a bronze crystal plate armour {god gift}
 24658 | Lair:6   | Identified the +11 crystal plate armour of Urob {rF+ MR+
                  | Regen+ Str+6} (Okawaru gifted it to you on level 6 of the
                  | Lair of Beasts)
 25080 | Lair:6   | Found a runed translucent door.
 25150 | Lair:6   | Reached skill level 10 in Armour
 25612 | Orc:1    | Entered Level 1 of the Orcish Mines
 25614 | Orc:1    | Noticed an orc warlord
 25646 | D:9      | Killed an orc warlord
 26193 | Orc:2    | Entered Level 2 of the Orcish Mines
 26195 | Orc:2    | Noticed Azrael
 26213 | Orc:2    | Killed Azrael
 26335 | Orc:2    | Received a gift from Okawaru
 26336 | Orc:2    | Got a translucent dire flail {god gift}
 26337 | Orc:2    | Identified the +5 dire flail "Xamu Onk" {freeze, rElec
                  | Dex-3 SInv} (Okawaru gifted it to you on level 2 of the
                  | Orcish Mines)
 26474 | Orc:2    | Received a gift from Okawaru
 26480 | Orc:2    | Reached XP level 16. HP: 130/130 MP: 22/22
 26577 | Orc:2    | Found a staircase to the Elven Halls.
 26696 | Orc:2    | Found Enohef's Assorted Antiques.
 26696 | Orc:2    | Found Bawipsor's Antique Armour Emporium.
 26697 | Orc:2    | Found Urghurch's Jewellery Emporium.
 26697 | Orc:2    | Found Hienog's Jewellery Shop.
 26720 | Orc:2    | Bought a potion of lignification for 117 gold pieces
 26720 | Orc:2    | Bought a scroll of magic mapping for 136 gold pieces
 27006 | Orc:1    | Found Wanen's Antique Armour Shoppe.
 27085 | Orc:1    | Bought a pair of encrusted gloves for 361 gold pieces
 27095 | Orc:1    | Identified the +1 pair of gloves "Demodeb" {rC++ Int+10}
                  | (You bought it in a shop on level 1 of the Orcish Mines)
 27578 | D:12     | Found a sacrificial altar of Ru.
 28060 | D:13     | Noticed Erolcha
 28068 | D:13     | Killed Erolcha
 28112 | D:13     | Found a runed translucent door.
 28165 | D:13     | Noticed a fire giant
 28166 | D:13     | Noticed a fire giant
 28490 | D:13     | Found a gate to the Vaults.
 28503 | D:13     | Received a gift from Okawaru
 28506 | D:13     | Got a scorched dire flail {god gift}
 28510 | D:13     | Identified the +6 dire flail "Poidowy" {freeze, rElec rC-
                  | rN+++ Int+2} (Okawaru gifted it to you on level 13 of the
                  | Dungeon)
 28726 | D:13     | Found a gateway to a bazaar.
 28735 | Bazaar   | Entered a bazaar
 28737 | Bazaar   | Found Womanapi's Assorted Antiques.
 28741 | Bazaar   | Found Qabeomol's Weapon Boutique.
 28741 | Bazaar   | Found Regged's Weapon Boutique.
 28742 | Bazaar   | Found Tiblaina's Magic Scroll Boutique.
 28781 | Bazaar   | Bought a scroll of fear for 59 gold pieces
 28781 | Bazaar   | Bought a scroll of magic mapping for 59 gold pieces
 28781 | Bazaar   | Bought a scroll of silence for 127 gold pieces
 28786 | Bazaar   | Bought an emerald potion for 28 gold pieces
 28786 | Bazaar   | Bought a scroll of acquirement for 1664 gold pieces
 29041 | D:14     | Reached skill level 10 in Invocations
 29586 | D:14     | Received a gift from Okawaru
 29592 | D:14     | Got a brightly glowing morningstar {god gift}
 29657 | D:15     | Entered Level 15 of the Dungeon
 29660 | D:15     | Noticed Kirke
 29674 | D:14     | Killed Kirke
 29674 | D:14     | Reached XP level 17. HP: 138/138 MP: 24/24
 29888 | D:15     | Identified the +2 morningstar of the Desert {venom, +Fly
                  | rElec rF- Str+4} (Okawaru gifted it to you on level 14 of
                  | the Dungeon)
 30014 | D:15     | Found a staircase to the Depths.
 30089 | D:15     | Received a gift from Okawaru
 30300 | D:15     | Reached skill level 14 in Fighting
 30444 | D:15     | Reached skill level 15 in Shields
 30618 | D:15     | Received a gift from Okawaru
 31096 | Swamp:1  | Entered Level 1 of the Swamp
 31337 | Swamp:1  | Noticed Donald
 31351 | Swamp:1  | Killed Donald
 31618 | Swamp:1  | Found a radiant altar of Vehumet.
 31802 | Swamp:2  | Received a gift from Okawaru
 31802 | Swamp:2  | Reached XP level 18. HP: 120/148 MP: 23/27
 31907 | Swamp:2  | Reached skill level 15 in Fighting
 32873 | Swamp:3  | Noticed Jorgrun
 32891 | Swamp:3  | Killed Jorgrun
 32931 | Swamp:3  | Received a gift from Okawaru
 33460 | Swamp:4  | Entered Level 4 of the Swamp
 33466 | Swamp:4  | Noticed Peloso's ghost (adept MiFi)
 33477 | Swamp:4  | Found a transporter.
 33491 | Swamp:4  | Reached skill level 16 in Fighting
 33602 | Swamp:4  | Noticed Bai Suzhen
 33632 | Swamp:4  | Killed Bai Suzhen
 33717 | Swamp:4  | Found a transporter.
 33761 | Swamp:4  | Received a gift from Okawaru
 34045 | Swamp:4  | Noticed the 27-headed Lernaean hydra
 34059 | Swamp:4  | Killed the 27-headed Lernaean hydra
 34059 | Swamp:4  | Reached XP level 19. HP: 145/159 MP: 19/28
 34114 | Swamp:4  | Received a gift from Okawaru
 34198 | Swamp:4  | Got a decaying rune of Zot
 34557 | Swamp:4  | Reached skill level 17 in Fighting
 34569 | Swamp:4  | Killed Peloso's ghost
 34612 | Swamp:4  | Got a flickering iron amulet
 34613 | Swamp:4  | Identified the amulet "Fenaunnecs" {Faith *Corrode +Fly rN+
                  | MR+} (You found it on level 4 of the Swamp)
 34615 | Swamp:4  | Identified the ring "Qiopn" {+Fly rF+ Int-2 Dex+4 Stlth+}
                  | (You found it on level 4 of the Swamp)
 34785 | Snake:1  | Entered Level 1 of the Snake Pit
 35188 | Snake:1  | Found a runed translucent door.
 35214 | Snake:1  | Got a pair of faintly glowing boots
 35485 | Snake:1  | Noticed Oluxog's ghost (adept DsBe)
 35486 | Snake:1  | Found the +7 lajatang of Order {silver, rMut}
 35506 | Snake:1  | Killed Oluxog's ghost
 35738 | Snake:2  | Found Ziomm's Gadget Shoppe.
 35740 | Snake:2  | Found Yribriw's General Store.
 35742 | Snake:2  | Found Ipoiq's Armour Shoppe.
 36072 | Snake:2  | Identified the +1 pair of boots of True Grit {+Inv Stlth+}
                  | (You found it on level 1 of the Snake Pit)
 36636 | Snake:3  | Noticed Asterion
 36650 | Snake:3  | Killed Asterion
 36650 | Snake:3  | Reached skill level 5 in Evocations
 37057 | Snake:4  | Entered Level 4 of the Snake Pit
 37176 | Snake:4  | Received a gift from Okawaru
 37243 | Snake:4  | Reached skill level 18 in Fighting
 37618 | Snake:4  | Reached XP level 20. HP: 170/170 MP: 29/29
 38450 | Snake:4  | Got a serpentine rune of Zot
 38931 | Elf:1    | Entered Level 1 of the Elven Halls
 39071 | Elf:1    | Received a gift from Okawaru
 39284 | Elf:1    | Noticed Louise
 39315 | Elf:1    | Killed Louise
 39356 | Elf:1    | Reached skill level 19 in Fighting
 39400 | Elf:1    | Identified the Almanac of the Blind Marksman
 39476 | Elf:1    | Found a runed translucent door.
 39848 | Elf:1    | Reached skill level 10 in Evocations
 39857 | Elf:1    | Reached XP level 21. HP: 107/180 MP: 18/30
 40425 | Elf:2    | Found a ruined gateway.
 40430 | Desolati | Entered the Desolation of Salt
 40652 | Desolati | Reached skill level 20 in Fighting
 40692 | Desolati | Identified the amulet of Utufux {Acrobat rPois Str+2}
 40715 | Desolati | Got a sparkling brass ring
 40717 | Desolati | Identified the ring of Heetsoul {rCorr Str+5} (You found it
                  | in the Desolation of Salt)
 40844 | Desolati | Received a gift from Okawaru
 41123 | Desolati | Reached skill level 21 in Fighting
 41125 | Desolati | Received a gift from Okawaru
 41142 | Desolati | Identified the Catalogue of Fiery Attacks
 41187 | Desolati | Got a pitted ruby amulet
 41198 | Desolati | Got a vibrating silver amulet
 41697 | Elf:2    | Found Duokk's Distillery.
 41711 | Elf:2    | Bought a potion of mutation for 136 gold pieces
 41711 | Elf:2    | Bought a potion of heal wounds for 85 gold pieces
 41711 | Elf:2    | Bought a potion of heal wounds for 85 gold pieces
 41711 | Elf:2    | Bought a potion of might for 68 gold pieces
 41880 | Elf:2    | Found Riabeus's Weapon Emporium.
 41885 | Elf:2    | Found Xocahus's Book Emporium.
 41906 | Elf:2    | Found a runed translucent gate.
 41906 | Elf:2    | Found a runed translucent gate.
 41907 | Elf:2    | Found a runed translucent gate.
 42322 | Orc:2    | Bought a scroll of identify for 78 gold pieces
 42322 | Orc:2    | Identified the amulet "Wisatue" {Inacc +Blink rPois rN++
                  | Dex-2} (You found it in the Desolation of Salt)
 42503 | Slime:1  | Entered Level 1 of the Pits of Slime
 42549 | Slime:1  | Received a gift from Okawaru
 42549 | Slime:1  | Reached XP level 22. HP: 157/196 MP: 26/31
 42664 | Slime:2  | Reached skill level 22 in Fighting
 42783 | Slime:2  | Gained mutation: You have sharp toenails. [a shining eye]
 42785 | Slime:2  | Gained mutation: You are weak. (Str -2) [a shining eye]
 43119 | Slime:5  | Entered Level 5 of the Pits of Slime
 43151 | Slime:5  | Received a gift from Okawaru
 43157 | Slime:5  | Got a pair of translucent boots {god gift}
 43170 | Slime:4  | Identified the +0 pair of boots of Dishonour {rC+++ Regen+
                  | Str-4 Int+5} (Okawaru gifted it to you on level 5 of the
                  | Pits of Slime)
 43417 | Slime:5  | Found a viscous altar of Jiyva.
 43418 | Slime:5  | Noticed the Royal Jelly
 43453 | Slime:5  | Killed the Royal Jelly
 43718 | Slime:5  | Identified the Papyrus of the Vitriolic Escort
 43768 | Slime:5  | Identified the amulet "Wyuliah" {Gourm +Blink rC+ MR+} (You
                  | found it in the Desolation of Salt)
 43802 | Slime:5  | Got a slimy rune of Zot
 44143 | Depths:1 | Entered Level 1 of the Depths
 44188 | Depths:1 | Reached skill level 23 in Fighting
 44278 | Depths:3 | Noticed Boris
 44523 | Depths:2 | Reached XP level 23. HP: 191/207 MP: 24/32
 44584 | Depths:2 | Received a gift from Okawaru
 44660 | Depths:2 | Killed Boris
 44669 | Depths:3 | Reached skill level 10 in Dodging
 44790 | Depths:3 | Found a gateway to Hell.
 44862 | Depths:5 | Entered Level 5 of the Depths
 44896 | Depths:5 | Noticed Sojobo
 44909 | Depths:5 | Killed Sojobo
 44926 | Depths:5 | Received a gift from Okawaru
 44926 | Depths:5 | Reached skill level 24 in Fighting
 45007 | Depths:5 | Noticed Margery
 45045 | Depths:5 | Killed Margery
 45076 | Depths:5 | Received a gift from Okawaru
 45178 | Depths:5 | Noticed Saint Roka
 45200 | Depths:5 | Killed Saint Roka
 45277 | Depths:5 | Noticed a juggernaut
 45304 | Depths:5 | Killed a juggernaut
 45590 | Depths:5 | Found a one-way gate to the infinite horrors of the Abyss.
 45679 | Depths:5 | Reached skill level 25 in Fighting
 45701 | Depths:5 | Received a gift from Okawaru
 45706 | Depths:5 | Reached XP level 24. HP: 216/220 MP: 32/32
 45725 | Depths:5 | Noticed a golden dragon
 45737 | Depths:5 | Killed a golden dragon
 45860 | Depths:5 | Found a gate to the Realm of Zot.
 46093 | Zot:1    | Entered Level 1 of the Realm of Zot
 46275 | Zot:1    | Reached skill level 26 in Fighting
 46568 | Zot:2    | Received a gift from Okawaru
 46584 | Zot:2    | Noticed a curse toe
 46586 | Zot:2    | Killed a curse toe
 46755 | Zot:2    | Noticed a Killer Klown
 46811 | Zot:2    | Killed a Killer Klown
 46933 | Zot:3    | Noticed a golden dragon
 46939 | Zot:3    | Killed a golden dragon
 46950 | Zot:4    | Noticed a golden dragon
 47016 | Zot:3    | Killed a golden dragon
 47016 | Zot:3    | Reached skill level 27 in Fighting
 47035 | Zot:3    | Received a gift from Okawaru
 47035 | Zot:3    | Reached XP level 25. HP: 171/234 MP: 32/32
 47268 | Zot:5    | Entered Level 5 of the Realm of Zot
 47570 | Zot:5    | Noticed a curse toe
 47607 | Zot:5    | Killed a curse toe
 47791 | Zot:5    | Found a runed translucent gate.
 47791 | Zot:5    | Found a runed translucent gate.
 47791 | Zot:5    | Found a runed translucent gate.
 47792 | Zot:5    | Found an ancient bone altar of Kikubaaqudgha.
 47792 | Zot:5    | Noticed an ancient lich
 47792 | Zot:5    | Noticed an ancient lich
 47792 | Zot:5    | Noticed Somebody's ghost (veteran GnWn)
 47793 | Zot:5    | Noticed an ancient lich
 47793 | Zot:5    | Noticed an ancient lich
 48143 | Zot:5    | Noticed an ancient lich
 48173 | Zot:5    | Killed an ancient lich
 48173 | Zot:5    | Reached skill level 15 in Armour
 48202 | Zot:5    | Noticed an orb of fire
 48214 | Zot:5    | Gained mutation: Potions are less effective at restoring
                  | your health. [an orb of fire]
 48235 | Zot:5    | Killed an orb of fire
 48235 | Zot:5    | Received a gift from Okawaru
 48327 | Zot:5    | Noticed an ancient lich
 48328 | Zot:5    | Noticed a Killer Klown
 48337 | Zot:5    | Killed an ancient lich
 48342 | Zot:5    | Noticed a Killer Klown
 48353 | Zot:5    | Killed a Killer Klown
 48386 | Zot:5    | Killed a Killer Klown
 48393 | Zot:5    | Noticed a Killer Klown
 48393 | Zot:5    | Noticed a Killer Klown
 48396 | Zot:5    | Noticed a Killer Klown
 48402 | Zot:5    | Killed a Killer Klown
 48423 | Zot:5    | Killed a Killer Klown
 48460 | Zot:5    | Killed a Killer Klown
 48689 | Zot:5    | Reached XP level 26. HP: 242/242 MP: 29/32
 48713 | Zot:5    | Noticed a Killer Klown
 48716 | Zot:5    | Noticed a Killer Klown
 48717 | Zot:5    | Noticed an ancient lich
 48717 | Zot:5    | Noticed a Killer Klown
 48722 | Zot:5    | Killed a Killer Klown
 48734 | Zot:5    | Killed an ancient lich
 48734 | Zot:5    | Received a gift from Okawaru
 48737 | Zot:5    | Noticed an orb of fire
 48747 | Zot:5    | Killed a Killer Klown
 48764 | Zot:5    | Killed an orb of fire
 48766 | Zot:5    | Killed a Killer Klown
 48878 | Zot:5    | Got the Orb of Zot
 49403 | D:12     | Noticed a seraph
 49485 | D:7      | Received a gift from Okawaru
 49672 | D:$      | Escaped with the Orb!

Levels and vault maps discovered:
D:1:      shiori_arrival_whats_in_store_for_you, layout_loops_ring,
          minmay_misc_feat_nine_boxes
D:2:      layout_loops_ring, zin_statuary, first_ration, minmay_pentomino_q4
D:3:      layout_loops_ring
D:4:      layout_cave_pods, kennysheep_little_box,
          hellmonk_ghost_happy_afterlife, grunt_ministairs_6
D:5:      layout_loops_corners, minivault_14, uniq_eustachio
D:6:      layout_basic, basic_altar, kennysheep_minor_cross
D:7:      layout_rooms, minmay_temple_entry_grid
D:8:      layout_basic, minitemple, gammafunk_temple_overflow_forgotten,
          david_lair_generic, basic_altar
D:9:      layout_loops_ring, david_orc_5, basic_altar, hangedman_ranch
          [blue_anna_fruit_fields]
D:10:     layout_cave_pods, hangedman_decor_riveting, hangedman_glass_garden,
          kennysheep_small_spiral, uniq_sonja, uniq_psyche, uniq_fannar,
          uniq_joseph
D:11:     minmay_thinvault, layout_cave_pods
D:12:     layout_cross, nicolae_twisting_strands,
          nicolae_ru_the_path_less_chosen
D:13:     layout_small_grid, grunt_vaults_entry_fortified, serial_shops,
          bzr_firewalk, minmay_misc_feat_pillars, kennysheep_treasure_room,
          uniq_erolcha
D:14:     layout_loops_cross, kennysheep_flooded_box
D:15:     gammafunk_depths_entry_grave, layout_irregular_city,
          hangedman_decor_push, dispersion_dpeg, uniq_kirke
Temple:   compressed_dpeg_triangle_lava_temple
Lair:1:   layout_misc_corridors, guppyfry_lair_drakes, grunt_megastairs_2,
          lemuel_fruit_fields, uniq_harold
Lair:2:   layout_loops_ring, chequers_serial_rivers_marsh, minmay_hedge_maze,
          lemuel_fruit_fields, grunt_megastairs_5, uniq_prince_ribbit2,
          uniq_erica, uniq_gastronok
Lair:3:   layout_big_grid, minmay_snake_entry_guardpost_medium, st_stairs_10
Lair:4:   layout_roguey, minmay_swamp_entry_wisps, minmay_lair_oklob_chamber,
          serial_bayou_shore_a, uniq_snorg
Lair:5:   layout_roguey, nicolae_slime_entry_slimehenge, serial_rivers,
          chequers_serial_rivers_micro_c, chequers_serial_rivers_micro_c,
          chequers_serial_rivers_micro_e, chequers_serial_rivers_marsh,
          chequers_serial_rivers_micro_a, beast_lair_carwin_10
Lair:6:   wormcave, layout_small_grid, hangedman_lair_tendril_chambers,
          serial_rivers, chequers_serial_rivers_micro_d,
          chequers_serial_rivers_small_a, chequers_serial_rivers_large_a,
          chequers_serial_rivers_micro_a, chequers_serial_rivers_micro_c,
          chequers_serial_rivers_small_b, chequers_serial_rivers_small_a,
          uniq_urug
Swamp:1:  layout_basic_swamp, nicolae_swamp_godswood, uniq_donald
Swamp:2:  layout_falls_marsh, nicolae_swamp_rocky_clearing
Swamp:3:  layout_falls_marsh, evilmike_swamp_ruin_rubble_2, uniq_jorgrun
Swamp:4:  swamp_old_school, layout_basic_swamp,
          gammafunk_ghost_berserking_beasts, swamp_pool5, uniq_bai_suzhen
Snake:1:  layout_gridlike, ebering_ghost_reflecting_pool, grunt_megastairs_1
Snake:2:  layout_basic, minmay_shop_star, lemuel_fruit_tree
Snake:3:  layout_cave_pods, uniq_asterion
Snake:4:  snake_pit_salamanders_mu, layout_cave_town,
          fake_guardian_serpent_vault
Slime:1:  layout_caves
Slime:2:  layout_caves, cheibrodos_slime_lost_civilization_7
Slime:3:  layout_caves
Slime:4:  layout_caves
Slime:5
Orc:1:    layout_diamond_mine, serial_shops, shop, mines4_lemuel
Orc:2:    st_orc_ogre_mass, layout_caves, uniq_azrael
Elf:1:    eino_elf_arrival_customs, layout_geoelf_grid, minmay_elf_necromancy,
          minivault_13, uniq_louise
Elf:2:    layout_geoelf_octagon, serial_sigils, serial_sigils_hangedman_shear,
          serial_sigils_hangedman_shear, serial_sigils_hangedman_shear,
          serial_sigils_hangedman_stare, portal_desolation_entry_nicolae_nacl,
          serial_shops, nicolae_shop_waterfront, nicolae_shop_statue_plus, shop
Depths:1: layout_honeycomb, abyss_entry, hell_entry, tso_metal_star,
          minmay_librarian
Depths:2: grunt_profane_halls [grunt_profane_temple_tar,
          grunt_profane_temple_dis, grunt_profane_temple_geh,
          grunt_profane_temple_coc, grunt_profane_loot], abyss_entry,
          hell_entry, pan_entry
Depths:3: minmay_the_grid_triangle_9x9_recursive_3_mashed
          [minmay_the_grid_triangle_9x9_longest,
          minmay_the_grid_triangle_9x9_odd_lines,
          minmay_the_grid_triangle_9x9_dagger,
          minmay_the_grid_triangle_9x9_prize_insulated,
          minmay_the_grid_triangle_9x9_zippers_horizontal,
          minmay_the_grid_triangle_9x9_tough_junction,
          minmay_the_grid_triangle_9x9_windchime,
          minmay_the_grid_triangle_9x9_wacky_v,
          minmay_the_grid_triangle_9x9_skeleton], layout_cave_pools, pan_entry,
          hell_entry, dk_noncrumbling_3, evilmike_ambush
          [evilmike_ambush_outer_corners, evilmike_ambush_inner_basic],
          infiniplex_staircase_squiggle, uniq_boris, uniq_mennas
Depths:4: kennysheep_large_vault, layout_cave_shapes, enter_ziggurat_d,
          serial_shops, nicolae_shop_competitors_out_of_business,
          abyss_entry_small_statue_room, pf_hell_entry_tar_spiral,
          infiniplex_staircase_star
Depths:5: grunt_zot_entry_funnels, layout_gridlike,
          chequers_serial_rivers_micro_c, minmay_room_of_horrors,
          pf_vacation_house_of_asmodeus, eino_curves_04, uniq_margery,
          uniq_sojobo, uniq_saint_roka
Zot:1:    layout_cathedral_of_symmetry, nrook_zot_tub
Zot:2:    layout_onion, hangedman_zot_decor_unnerving_road
Zot:3:    kennysheep_blocky_hall, layout_onion, lemuel_elevator, uniq_tiamat
Zot:4:    layout_cathedral_of_symmetry
Zot:5:    layout_gridlike, gammafunk_ghost_crypt

Skill      XL: |  1  2  3  4  5  6  7  8  9 10 11 12 13 14 15 16 17 18 19 20 21 22 23 24 25 26 |
---------------+-------------------------------------------------------------------------------+-----
Stealth        | 3 |  3.0
Maces & Flails | 4 5 6 7 9 10 11 13 14 15 16 17 18 19 20 | 20.0
Fighting       | 4 5 6 7 8 9 11 12 13 14 16 18 19 21 23 25 27 | 27.0
Invocations    | 2 5 7 9 10 12 | 12.0
Shields        | 2 5 9 11 13 14 15 | 15.0
Armour         | 3 5 6 9 11 12 13 17 19 | 19.9
Dodging        | 5 6 9 10 | 10.0
Evocations     | 4 6 10 | 10.0

Action                   |  1- 3 |  4- 6 |  7- 9 | 10-12 | 13-15 | 16-18 | 19-21 | 22-24 | 25-27 || total
-------------------------+-------+-------+-------+-------+-------+-------+-------+-------+-------++-------
Melee: Mace              |    73 |    97 |       |       |       |       |       |       |       ||   170
       Flail             |       |   113 |   286 |       |   643 |       |       |       |       ||  1042
       Hand axe          |       |       |    83 |    33 |       |       |       |       |       ||   116
       Morningstar       |       |       |       |   648 |       |       |       |       |       ||   648
       Dire flail        |       |       |       |   142 |   219 |   867 |       |       |       ||  1228
       Demon whip        |       |       |       |       |   503 |       |       |       |       ||   503
       Great mace        |       |       |       |       |       |   533 |  1419 |  1227 |   376 ||  3555
       Lajatang          |       |       |       |       |       |       |     5 |    28 |    19 ||    52
       Unarmed           |       |       |       |       |       |       |       |     6 |       ||     6
Throw: Dart              |    18 |    40 |    12 |     3 |     5 |       |       |       |       ||    78
       Throwing net      |       |     1 |       |       |       |       |       |       |       ||     1
Invok: Heroism           |       |       |       |    12 |    12 |     7 |     8 |     7 |     5 ||    51
       Finesse           |       |       |       |     1 |     4 |     6 |     7 |     4 |     5 ||    27
 Abil: Dig               |       |       |     2 |     6 |     6 |     2 |       |     5 |     1 ||    22
       Evoke Invisibilit |       |       |       |       |       |       |     1 |     5 |       ||     6
Evoke: Wand              |       |       |     3 |    11 |       |     2 |     6 |     3 |       ||    25
       Lightning rod     |       |       |       |       |       |     4 |       |       |       ||     4
  Use: Scroll            |     1 |     5 |     9 |     6 |    13 |    15 |     8 |    11 |     1 ||    69
       Potion            |       |       |     6 |     2 |       |       |     1 |    10 |     2 ||    21
 Stab: Sleeping          |     5 |       |       |       |       |       |       |       |       ||     5
       Held in net/web   |       |     2 |       |       |       |       |       |       |       ||     2
       Paralysed         |       |       |       |       |       |     2 |       |       |       ||     2
       Confused          |       |       |       |       |       |     1 |       |       |       ||     1
       Invisible         |       |       |       |       |       |       |    14 |    22 |       ||    36
       Distracted        |       |       |       |       |       |       |       |     1 |     1 ||     2
  Eat: Chunk             |     2 |     8 |    22 |    28 |    19 |    26 |    24 |    10 |     5 ||   144
       Ration            |       |       |     2 |       |       |       |     3 |     3 |     1 ||     9
Armor: Robe              |    12 |       |       |       |       |       |       |       |       ||    12
       Scale mail        |       |    63 |       |       |       |       |       |       |       ||    63
       Chain mail        |       |    43 |    60 |       |       |       |       |       |       ||   103
       Plate armour      |       |       |   203 |   420 |   148 |       |       |       |       ||   771
       Skin              |       |       |     3 |       |       |       |       |     1 |       ||     4
       Crystal plate arm |       |       |       |       |    37 |   289 |   339 |   429 |    82 ||  1176
Dodge: Dodged            |    58 |   112 |   122 |   203 |   122 |   149 |   190 |   297 |    37 ||  1290
Block: Buckler           |       |       |       |   137 |       |       |       |       |       ||   137
       Large shield      |       |       |       |   212 |  1250 |  1368 |  1532 |  1362 |   310 ||  6034

Table legend:
 A = Non-vault XP
 B = Vault XP
 C = Vault XP percentage of total XP
 D = Non-vault monster count
 E = Vault monster count
 F = Vault count percentage of total count
                 A         B        C        D         E       F
            +---------+---------+-------+---------+---------+-------
      Total |  481837 |  507854 |  51.3 |    1114 |     590 |  34.6
            +---------+---------+-------+---------+---------+-------
        D:1 |      37 |       0 |   0.0 |      16 |       0 |   0.0
        D:2 |     117 |       6 |   4.9 |      32 |       4 |  11.1
        D:3 |     172 |       0 |   0.0 |      30 |       0 |   0.0
        D:4 |     282 |       1 |   0.4 |      14 |       1 |   6.7
        D:5 |     634 |     197 |  23.7 |      17 |       1 |   5.6
        D:6 |     969 |       0 |   0.0 |      18 |       0 |   0.0
        D:7 |     781 |       0 |   0.0 |      19 |       0 |   0.0
        D:8 |    1070 |     670 |  38.5 |      22 |       4 |  15.4
        D:9 |    3828 |    2554 |  40.0 |      37 |      29 |  43.9
       D:10 |    2499 |    2908 |  53.8 |      27 |       5 |  15.6
       D:11 |    3030 |    3929 |  56.5 |      36 |      16 |  30.8
       D:12 |    3245 |       0 |   0.0 |      17 |       0 |   0.0
       D:13 |   10436 |    8275 |  44.2 |      31 |      11 |  26.2
       D:14 |   13948 |    2068 |  12.9 |      46 |       1 |   2.1
       D:15 |   26480 |    7351 |  21.7 |      58 |      13 |  18.3
     Lair:1 |    1743 |    2524 |  59.2 |      12 |       7 |  36.8
     Lair:2 |    4106 |    4064 |  49.7 |      18 |       6 |  25.0
     Lair:3 |    3571 |    1064 |  23.0 |      15 |       6 |  28.6
     Lair:4 |    7953 |    1813 |  18.6 |      24 |       5 |  17.2
     Lair:5 |    4608 |    3338 |  42.0 |      20 |      14 |  41.2
     Lair:6 |   11576 |   17716 |  60.5 |      37 |      54 |  59.3
    Swamp:1 |   12988 |    1742 |  11.8 |      28 |       1 |   3.4
    Swamp:2 |   19444 |       0 |   0.0 |      39 |       0 |   0.0
    Swamp:3 |   17592 |    3040 |  14.7 |      38 |       1 |   2.6
    Swamp:4 |   12205 |   32902 |  72.9 |      36 |      39 |  52.0
    Snake:1 |    9130 |    4431 |  32.7 |      16 |       5 |  23.8
    Snake:2 |    9677 |       0 |   0.0 |      20 |       0 |   0.0
    Snake:3 |   10102 |    2628 |  20.6 |      18 |       1 |   5.3
    Snake:4 |   13085 |   46099 |  77.9 |      28 |      65 |  69.9
    Slime:1 |   13337 |       0 |   0.0 |       8 |       0 |   0.0
    Slime:2 |   13648 |       0 |   0.0 |      29 |       0 |   0.0
    Slime:3 |    6019 |       0 |   0.0 |      16 |       0 |   0.0
    Slime:4 |    7546 |       0 |   0.0 |      13 |       0 |   0.0
    Slime:5 |   10886 |   26662 |  71.0 |      17 |      12 |  41.4
      Orc:1 |    4170 |    2524 |  37.7 |      36 |      12 |  25.0
      Orc:2 |    2231 |   18683 |  89.3 |      31 |      41 |  56.9
      Elf:1 |   31168 |   11950 |  27.7 |      46 |      21 |  31.3
      Elf:2 |   12385 |    3107 |  20.1 |      24 |       4 |  14.3
   Depths:1 |    6501 |       0 |   0.0 |       9 |       0 |   0.0
   Depths:2 |   11790 |   31710 |  72.9 |      13 |      25 |  65.8
   Depths:3 |    4028 |    6515 |  61.8 |       7 |       4 |  36.4
   Depths:4 |    3384 |       0 |   0.0 |       3 |       0 |   0.0
   Depths:5 |   31590 |   55509 |  63.7 |      24 |      53 |  68.8
      Zot:1 |   43024 |       0 |   0.0 |      29 |       0 |   0.0
      Zot:2 |   35477 |       0 |   0.0 |      19 |       0 |   0.0
      Zot:3 |    7813 |    4399 |  36.0 |       4 |       1 |  20.0
      Zot:4 |    6242 |     512 |   7.6 |       4 |       1 |  20.0
      Zot:5 |   25290 |  148264 |  85.4 |      13 |      38 |  74.5
 Desolation |       0 |   48699 | 100.0 |       0 |      89 | 100.0
            +---------+---------+-------+---------+---------+-------
